[Event "*** Titled Tuesday Blitz"]
[Site "Chess.com"]
[Date "2019.03.05"]
[Round "6"]
[White "therealtrader"]
[Black "GadimbayliA"]
[Result "1/2-1/2"]
[WhiteElo "2681"]
[BlackElo "2849"]
[TimeControl "180+2"]
[EndTime "14:29:16 PST"]
[Termination "Game drawn - insufficient material"]

1. d4 Nf6 2. c4 e5 3. dxe5 Ng4 4.
Bf4 Nc6 5. Nf3 Bb4+ 6. Nbd2 Qe7 7. e3 Ngxe5 8. Nxe5 Nxe5 9. Be2 Bxd2+ 10. Qxd2 d6 11. O-O O-O 12. b4 b6 13. Rac1 Bb7 14. c5 dxc5 15. bxc5 Rad8 16. Qc3 Ng6 17. Bg3 Nh4 18.
c6 Bc8 19. Qe5 Qxe5 20. Bxe5 Rd2 21. Bc4 Be6 22. Bxc7 Rc8 23. Bg3 Bxc4 24. Rxc4 Nf5 25. a4 Nxg3 26. hxg3 Rc7 27. Ra1 Rd6 28. Rac1 Kf8 29. f4 Ke7 30. Kf2 Rd2+ 31. Kf3 Kd6 32. g4 Rd5 33. g5 Rc5 34. Rd4+ Kxc6 35. Rh1 f6 36. gxf6 gxf6 37. Rh6 Rf7 38. g4 Kc7 39. Re4 f5 40. gxf5 Rcxf5 41. Re8 Ra5 42. Rh8 Rxa4 43. R8xh7 Rxh7 44. Rxh7+ Kc6 45. e4 b5 46. f5 b4 47.
f6 Ra1 48. Kg2 Rd1 49. Rxa7 b3 50. f7 Rd8 51. Ra3 Rf8 52. Rxb3 Rxf7 53. Rd3 Rf8 54. Kg3 Rf7 55. Kg4 Rf8 56. Rd5 Rg8+ 57. Kf4 Rf8+ 58. Ke5 Re8+ 59. Kd4 Re6 60. e5 Rh6 61.
Rd8 Rh4+ 62. Ke3 Kc7 63. Rd2 Kc6 64. Kf3 Kc7 65. Rd1 Kc8 66. Kg3 Re4 67. Rd5 Kc7 68.
Kf3 Rh4 69. Ke3 Kc6 70. Rd6+ Kc7 71. Rd1 Kc6 72. Kf3 Kc7 73. Rd2 Kc6 74. e6 Rh6 75. Re2 Rh8 76. Kf4 Kd6 77. Kf5 Rf8+ 78. Kg6 Ke7 79.
Kg7 Rf6 80. Re1 Rxe6 81. Rxe6+ Kxe6 1/2-1/2

[Event "*** Titled Tuesday Blitz"]
[Site "Chess.com"]
[Date "2019.03.05"]
[Round "6"]
[White "Ibraev_Vasilj"]
[Black "quesfr"]
[Result "0-1"]
[WhiteElo "2147"]
[BlackElo "2234"]
[TimeControl "180+2"]
[EndTime "14:29:27 PST"]
[Termination "quesfr won on time"]

1. Nf3 d5 2. g3 c6 3. Bg2 Bg4 4. d3 Nd7 5. O-O Ngf6 6. Nbd2 e5 7. e4 dxe4 8. dxe4 Bc5 9. Qe2 O-O 10. Nb3 Bb6 11.
Bg5 Qc7 12. h3 Be6 13. Bxf6 Nxf6 14. Nh4 g6 15. c3 Rad8 16. Nd2 Qd7 17. Nc4 Bxc4 18.
Qxc4 Qd3 19. Qxd3 Rxd3 20. Nf3 Bc7 21. Rfe1 Rfd8 22. Rac1 Kf8 23. Kf1 Ke7 24. Rc2 Rd1 25. Re2 h6 26. Nh2 h5 27. Bf3 R8d2 28. Rxd1 Rxd1+ 29.
Kg2 Ra1 30. a3 Nd7 31. Nf1 Nc5 32. Ne3 Rb1 33. Rd2 Na4 34. Nd1 Bb6 35. h4 Nc5 36. Ne3 Nb3 37. Re2 Bxe3 38. fxe3 Nc5 39. Rd2 Na4 40. g4 hxg4 41. Bxg4 Rxb2 42. Rxb2 Nxb2 43. Kf2 Nc4 44. a4 Nb2 45. a5 b6 46. axb6 axb6 47. Be2 Na4 48. c4 c5 49. Ke1 Nc3 50. Bf3 Na2 51. Kd2 Nb4 52. Kc3 Kd6 53. Bg4 Nc6 54.
Be2 Ne7 55. Kb3 Ng8 56. Bf3 Nf6 57. Kc3 Kc7 58. Kb3 Kb7 59. Ka4 Ka6 60. Ka3 Ka5 61. Kb3 Ne8 62. Bg4 Nd6 63. Bf3 b5 64. cxb5 c4+ 65. Kc3 Kxb5 66. Bg2 Kc5 67. Bf3 Nb5+ 68. Kd2 Kb4 69. Kc2 Na3+ 70. Kb2 c3+ 71. Kc1 Nc4 72. Bg4 Nxe3 73. Bd7 Ng2 74. Be8 Nxh4 75. Bxf7 g5 76. Bh5 Ng2 77. Kc2 Nf4 78. Bg4 Kc4 79. Bf5 Kd4 0-1

[Event "*** Titled Tuesday Blitz"]
[Site "Chess.com"]
[Date "2019.03.05"]
[Round "6"]
[White "bascheyaro"]
[Black "7Madman"]
[Result "1-0"]
[WhiteElo "2814"]
[BlackElo "2536"]
[TimeControl "180+2"]
[EndTime "14:30:24 PST"]
[Termination "bascheyaro won by resignation"]

1. d4 Nf6 2. c4 e6 3. Nc3 Bb4 4. Qc2 O-O 5. Nf3 c5 6. e3 d6 7. Be2 Nc6 8. O-O Qe7 9. Rd1 Bxc3 10. Qxc3 b6 11. b3 Bb7 12. Bb2 Rfe8 13. h3 e5 14.
dxe5 dxe5 15. Qc2 e4 16. Nd2 Nb4 17. Qc3 Rad8 18. Nf1 Rxd1 19. Bxd1 Rd8 20. Be2 Nd3 21. Ng3 Nxb2 22. Qxb2 Bc8 23. Kf1 g6 24. Ke1 h5 25.
Rd1 h4 26. Nf1 Bf5 27. Nd2 Nd7 28. Nb1 Re8 29. Nc3 Qf6 30. Qc2 Ne5 31. Kf1 Nd3 32.
Nxe4 Bxe4 33. Bxd3 Bb7 34. Kg1 Qg5 35. Bf1 Be4 36.
Qc3 Bf5 37. Rd5 Qe7 38. Qd2 Qe6 39. Be2 Qf6 40. Qc1 Be4 41. Rd2 Qg5 42. Bf1 Qf6 43. Qd1 Kg7 44. Rd6 Qe5 45. Rd7 Re7 46. Qd6 Qxd6 47.
Rxd6 f6 48. Bd3 Bxd3 49. Rxd3 Kf7 50. Kf1 Ke6 51. Ke2 g5 52. Kf3 f5 53. e4 Kf6 54. exf5 Kxf5 55. Rd5+ Kf6 56. a3 Re1 57. Kg4 Re4+ 58. Kf3 Re1 59. Rd7 Rb1 60. Rd3 Ra1 61.
b4 Rc1 62. bxc5 bxc5 63. Rd6+ Kf7 64. Ra6 Rxc4 65. g3 hxg3 66. fxg3 Kg7 67. a4 Rb4 68.
Rxa7+ Kf6 69. Rc7 c4 70. Rc6+ Kf5 71. Rc5+ Kf6 72. a5 Ra4 73. Kg4 c3+ 74. Kh5 Ra3 75. a6 Rxa6 76. Rxc3 Ra5 77. Rf3+ Ke6 78. g4 Rb5 79.
Kg6 Ke7 80. Re3+ Kd7 81. Kf6 Kd6 82. Rd3+ Kc7 83. Rf3 Kd6 84. Rf5 Rb3 85. Rxg5 Rxh3 86. Rf5 Kd7 87. g5 Ke8 88. Kg7 Re3 89. g6 Re7+ 90.
Kf6 Re1 91. Rb5 Rf1+ 92. Kg7 Ke7 93. Re5+ Kd6 94. Re2 Kd7 95. Kh7 Rh1+ 96. Kg8 Rg1 97. g7 Rg4 98. Re1 Kd8 99. Re5 Kd7 100. Kf7 Kd6 101. Rf5 Re4 102. g8=Q Re7+ 103. Kf6 1-0

[Event "*** Titled Tuesday Blitz"]
[Site "Chess.com"]
[Date "2019.03.05"]
[Round "6"]
[White "pedro_gines"]
[Black "andrzej"]
[Result "0-1"]
[WhiteElo "2395"]
[BlackElo "2289"]
[TimeControl "180+2"]
[EndTime "14:30:50 PST"]
[Termination "andrzej won by resignation"]

1. Nf3 e6 2. b3 c5 3. Bb2 Nc6 4. e3 b6 5. d4 cxd4 6. exd4 d5 7. Be2 Nf6 8. O-O Be7 9. Nbd2 O-O 10. c4 Bb7 11. Rc1 Rc8 12. Re1 Qd6 13. Nf1 Rfd8 14. Ng3 Qf4 15. Bf1 Bb4 16. Re3 Ng4 17. Rd3 dxc4 18.
bxc4 Na5 19. h3 Nf6 20. Re3 Ba6 21. Ne5 Bb7 22. Bd3 Nc6 23. Nxc6 Bxc6 24. Nh5 Nxh5 25.
Qxh5 g6 26. Qe2 Qg5 27. Rg3 Qf4 28. Rg4 Qd2 29. Qxd2 Bxd2 30. Rd1 Bh6 31. Bf1 Bg7 32. h4 Ba4 33. Rd2 Bc6 34. Rg3 Bb7 35. Ra3 Ra8 36.
h5 Bf8 37. Rb3 Rac8 38. a4 Bh6 39. Rd1 Bc6 40. a5 Ba4 41. Rdd3 Bxb3 42. Rxb3 Rb8 43. a6 Bg7 44. Rd3 Rbc8 45. Rd2 Rd7 46. g3 Rcd8 47. Bg2 Bxd4 48. Bc6 Rd6 49. Bb5 Bxb2 50. Rxb2 Rd2 51. Rb3 R8d3 52. Rb4 Rc3 53. Rb1 Rcc2 54. Rf1 gxh5 55.
Kg2 Kg7 56. Kg1 f5 57. Kg2 Kf6 58. Bc6 Rxc4 59. Bf3 Kg5 60. Rh1 h4 61. gxh4+ Rxh4 62. Rc1 Rhd4 63. Rc7 Rd7 64. Rc8 Kf6 65. Bb7 Rd8 66. Rc7 R2d7 67. Rc2 h5 68. Rc6 h4 69. Bc8 Rg7+ 70. Kf3 Rxc8 71. Rxc8 h3 72. Rh8 b5 73.
Rxh3 Rc7 74. Rh6+ Ke5 75. Ke3 Rc6 76. Rh7 Rxa6 77. Rb7 Ra3+ 78. Ke2 a6 79. Rb6 f4 80. f3 Ra2+ 81. Kd3 Ra3+ 82. Ke2 Re3+ 83. Kf2 Ra3 84. Ke2 Kf5 85. Rc6 e5 86. Rc7 Ra2+ 87. Ke1 b4 88. Rb7 a5 89. Rb5 Ke6 90. Kf1 Kd6 91.
Ke1 Ra3 92. Ke2 b3 93. Kd2 Ra2+ 94. Kd3 Rf2 95. Ke4 b2 96. Rb8 a4 97. Rb6+ Kc5 98. Rb8 a3 99. Rc8+ Kb4 100. Rb8+ Kc3 101. Rc8+ Kb3 102. Kd3 b1=Q+ 0-1

[Event "*** Titled Tuesday Blitz"]
[Site "Chess.com"]
[Date "2019.03.05"]
[Round "7"]
[White "wenx95"]
[Black "Alexey_Potapov"]
[Result "1-0"]
[WhiteElo "2528"]
[BlackElo "2739"]
[TimeControl "180+2"]
[EndTime "14:33:39 PST"]
[Termination "wenx95 won by resignation"]

1. c4 d6 2. g3 Nf6 3. Bg2 g6 4.
Nc3 Bg7 5. e4 O-O 6. Nge2 c5 7.
O-O Nc6 8. d3 Rb8 9. h3 a6 10. a4 Bd7 11. Be3 Qc8 12. Kh2 b6 13.
Rc1 Ne8 14. d4 cxd4 15. Nxd4 Nxd4 16. Bxd4 Bxd4 17. Qxd4 Qc5 18. Qd3 Nc7 1-0

[Event "*** Titled Tuesday Blitz"]
[Site "Chess.com"]
[Date "2019.03.05"]
[Round "7"]
[White "cherryandmint"]
[Black "Alopekos"]
[Result "0-1"]
[WhiteElo "2609"]
[BlackElo "2453"]
[TimeControl "180+2"]
[EndTime "14:33:54 PST"]
[Termination "Alopekos won by resignation"]

1. e4 e5 2. Nf3 Nc6 3. Bc4 Nf6 4. d3 Be7 5. O-O O-O 6. Re1 d6 7. a4 Kh8 8. Nc3 Ng8 9. Nd5 f5 10. b4 fxe4 11. dxe4 Bg4 12. Be2 Nf6 13. b5 Bxf3 14. Bxf3 Nd4 15. Nxf6 Nxf3+ 16. Qxf3 Bxf6 17. c4 Bh4 18.
Qe2 Bxf2+ 19. Qxf2 Rxf2 20. Kxf2 Qh4+ 0-1

[Event "*** Titled Tuesday Blitz"]
[Site "Chess.com"]
[Date "2019.03.05"]
[Round "7"]
[White "Jenia84"]
[Black "MathiasWomacka"]
[Result "0-1"]
[WhiteElo "2179"]
[BlackElo "2269"]
[TimeControl "180+2"]
[EndTime "14:34:23 PST"]
[Termination "MathiasWomacka won by resignation"]

1. e4 c5 2. Nf3 d6 3. Bb5+ Nd7 4. O-O a6 5. Bd3 Ngf6 6. c3 b5 7. a4 Bb7 8. axb5 axb5 9. Rxa8 Qxa8 10. e5 Bxf3 11.
Qxf3 Qxf3 12. gxf3 Nxe5 13. Bxb5+ Kd8 14. Kg2 e6 15. d4 cxd4 16. cxd4 Ng6 17. Nc3 d5 18.
Bf4 Nxf4+ 0-1

[Event "*** Titled Tuesday Blitz"]
[Site "Chess.com"]
[Date "2019.03.05"]
[Round "7"]
[White "jamengrand"]
[Black "payto1"]
[Result "0-1"]
[WhiteElo "2159"]
[BlackElo "2242"]
[TimeControl "180+2"]
[EndTime "14:34:43 PST"]
[Termination "payto1 won by checkmate"]

1. e4 c5 2. Nf3 d6 3. d4 cxd4 4. Nxd4 Nf6 5. Nc3 a6 6. Be3 e5 7. Nb3 Be6 8. f3 h5 9. Be2 Be7 10. Nd5 Nxd5 11. exd5 Bf5 12. O-O Nd7 13. Nd2 Bg5 14.
Bf2 O-O 15. Ne4 Bxe4 16. fxe4 Nf6 17. Bd3 Ng4 18. Qf3 Nxf2 19. Rxf2 Qb6 20. Re1 g6 21. c3 Rac8 22. g3 Kg7 23. h4 Be7 24. Kg2 f6 25.
Ref1 Rf7 26. g4 hxg4 27. Qxg4 Rh8 28. Rf3 Qxb2+ 29. R1f2 Qc1 30. Rg3 g5 31. hxg5 Qh1# 0-1

[Event "*** Titled Tuesday Blitz"]
[Site "Chess.com"]
[Date "2019.03.05"]
[Round "7"]
[White "Salem-AR"]
[Black "DACF2905"]
[Result "1-0"]
[WhiteElo "2909"]
[BlackElo "2085"]
[TimeControl "180+2"]
[EndTime "14:35:26 PST"]
[Termination "Salem-AR won by checkmate"]

1. d4 Nf6 2. c4 c5 3. d5 e6 4. Nc3 exd5 5. cxd5 d6 6. e4 g6 7. f4 Bg7 8. Bb5+ Nfd7 9. Nf3 O-O 10. a4 a6 11. Bd3 Re8 12. O-O Qc7 13. Kh1 Nf6 14.
e5 Nh5 15. Ne4 dxe5 16. d6 Qc6 17. Nxe5 Bxe5 18. fxe5 Rxe5 19. Bh6 Bf5 20. Ng5 Bxd3 21. Rxf7 Rxg5 22. Rf8# 1-0

[Event "*** Titled Tuesday Blitz"]
[Site "Chess.com"]
[Date "2019.03.05"]
[Round "7"]
[White "politeplayer"]
[Black "tteshan"]
[Result "1-0"]
[WhiteElo "2095"]
[BlackElo "2206"]
[TimeControl "180+2"]
[EndTime "14:35:40 PST"]
[Termination "politeplayer won by resignation"]

1. e4 c5 2. d4 cxd4 3. c3 dxc3 4. Nxc3 g6 5. Bc4 Bg7 6. Nf3 d6 7. e5 Nh6 8. exd6 O-O 9. dxe7 Qxe7+ 10. Be3 Rd8 11.
Nd5 Qe4 12. Ng5 Qxc4 13. Ne7+ 1-0

[Event "*** Titled Tuesday Blitz"]
[Site "Chess.com"]
[Date "2019.03.05"]
[Round "7"]
[White "Perecke"]
[Black "HrvojeZagreb"]
[Result "0-1"]
[WhiteElo "2040"]
[BlackElo "2119"]
[TimeControl "180+2"]
[EndTime "14:35:48 PST"]
[Termination "HrvojeZagreb won by resignation"]

1. e4 e6 2. d4 d5 3. Nc3 dxe4 4. Nxe4 Nd7 5. Nf3 Ngf6 6. Ng3 b6 7. Bd3 Bb7 8. O-O c5 9. dxc5 Bxc5 10. Bg5 h6 11. Bxf6 Nxf6 12. Bb5+ Kf8 13. Qe2 Qc7 14. Ne5 g6 15.
Rfe1 Kg7 16. Nxf7 Qxf7 17. Qxe6 Qxe6 18. Rxe6 a6 19. Ba4 b5 20. Bb3 Rhe8 21. Rd1 Rxe6 22. Bxe6 Re8 23. Bb3 h5 24. h4 Ng4 25. Rd7+ Re7 26. Rxe7+ Bxe7 27. Nh1 Bxh4 28. g3 0-1

[Event "*** Titled Tuesday Blitz"]
[Site "Chess.com"]
[Date "2019.03.05"]
[Round "7"]
[White "b_6"]
[Black "ahkashefi2800"]
[Result "1-0"]
[WhiteElo "2439"]
[BlackElo "2256"]
[TimeControl "180+2"]
[EndTime "14:36:13 PST"]
[Termination "b_6 won by checkmate"]

1. d4 d5 2. Bf4 c6 3. e3 Bf5 4.
c4 e6 5. Nc3 Bd6 6. Bg3 Nf6 7.
Qb3 b6 8. Nf3 Bxg3 9. hxg3 O-O 10. Be2 Nbd7 11. Nh4 Bg6 12. Nxg6 hxg6 13. O-O-O a5 14.
Rh3 g5 15. Rdh1 g6 16. f4 g4 17. Rh4 Kg7 18. Bxg4 dxc4 19. Qxc4 b5 20. Qd3 b4 21.
Ne4 Nxg4 22. Rh7+ Kg8 23. Rh8+ Kg7 24. R1h7# 1-0

[Event "*** Titled Tuesday Blitz"]
[Site "Chess.com"]
[Date "2019.03.05"]
[Round "7"]
[White "SaraciNderim"]
[Black "BlueWizzard"]
[Result "1-0"]
[WhiteElo "2739"]
[BlackElo "2673"]
[TimeControl "180+2"]
[EndTime "14:36:16 PST"]
[Termination "SaraciNderim won by resignation"]

1. d4 Nf6 2. Nf3 Nc6 3. c4 e6 4.
Nc3 d5 5. Bg5 Bb4 6. Qa4 O-O 7. e3 Bd7 8. Qc2 h6 9. Bxf6 Qxf6 10. a3 Bxc3+ 11. Qxc3 Rfe8 12. Be2 dxc4 13. Bxc4 Ne7 14. O-O Bc6 15. Ne5 Qg5 16. Nxc6 Nxc6 17. Rac1 a6 18. Be2 Red8 19. Bf3 Rd6 20. Qb3 e5 21. Qxb7 Rb8 22. Qxc7 Rbd8 23. Rxc6 R6d7 24. Qxe5 Qh4 25. g3 Qg5 26. Qxg5 hxg5 27. Rxa6 Rb8 28. Ra8 Rc7 29. Rxb8+ 1-0

[Event "*** Titled Tuesday Blitz"]
[Site "Chess.com"]
[Date "2019.03.05"]
[Round "7"]
[White "Andrei_Belozerov"]
[Black "xLuring1"]
[Result "1-0"]
[WhiteElo "2489"]
[BlackElo "2408"]
[TimeControl "180+2"]
[EndTime "14:36:23 PST"]
[Termination "Andrei_Belozerov won by resignation"]

1. e4 c5 2. Nf3 Nc6 3. d4 cxd4 4. Nxd4 Qc7 5. Nc3 e6 6. Be3 a6 7. Qf3 Nf6 8. O-O-O Be7 9. Be2 d6 10. g4 O-O 11. g5 Nd7 12. h4 Nce5 13. Qg2 Nc4 14. Bxc4 Qxc4 15. h5 g6 16. hxg6 fxg6 17. Qh3 Rf7 18.
Qxe6 Qxe6 19. Nxe6 Ne5 20. Nc7 Rb8 21. Ba7 Bxg5+ 22. Kb1 Bg4 23. Bxb8 Bxd1 24. Rxd1 Nc6 25.
Ne6 Nxb8 26. Nxg5 Rxf2 27. Rxd6 Nc6 28. b3 Kg7 29. Nd5 h5 30. Ne6+ Kh6 31. Nef4 Rf1+ 32. Kb2 Rg1 33. Rd7 h4 34. Nf6 Kg5 35. Nh3+ 1-0

[Event "*** Titled Tuesday Blitz"]
[Site "Chess.com"]
[Date "2019.03.05"]
[Round "7"]
[White "Atanejhad"]
[Black "pedro_gines"]
[Result "0-1"]
[WhiteElo "2230"]
[BlackElo "2400"]
[TimeControl "180+2"]
[EndTime "14:36:29 PST"]
[Termination "pedro_gines won by resignation"]

1. d4 d6 2. c4 Nf6 3. Nc3 g6 4. e4 Bg7 5. Nf3 O-O 6. Be2 c5 7.
d5 e6 8. O-O Na6 9. Bf4 e5 10.
Bg5 h6 11. Bd2 Nc7 12. h3 a6 13. a4 Rb8 14. a5 b5 15. axb6 Rxb6 16. Na4 Rb8 17. Be3 Nxe4 18. Bd3 Nf6 19. Nd2 Bd7 20. b3 Re8 21. Qc2 Nh5 22. Rab1 Qe7 23. Rfe1 f5 24.
Nf1 e4 25. Be2 Nf6 26. Bd2 Rf8 27. Ba5 Nce8 28. Nb6 Kh7 29. b4 cxb4 30. Rxb4 Rf7 31. Nxd7 Nxd7 32. Rxb8 Nxb8 33. Rb1 Nd7 34. Bb4 Nc5 35.
Bxc5 dxc5 36. Qa4 f4 37. f3 Bd4+ 38. Kh1 Nd6 39. Qxa6 Nf5 40. Rb6 Qh4 41. fxe4 Qf2 42. Ne3 Bxe3 43. Rb1 Ng3+ 44. Kh2 Nxe2 45. e5 f3 0-1

[Event "*** Titled Tuesday Blitz"]
[Site "Chess.com"]
[Date "2019.03.05"]
[Round "7"]
[White "chessmaxusa"]
[Black "gmjoey1"]
[Result "0-1"]
[WhiteElo "2531"]
[BlackElo "2728"]
[TimeControl "180+2"]
[EndTime "14:36:32 PST"]
[Termination "gmjoey1 won by resignation"]

1. d4 Nf6 2. Nf3 c5 3. c3 d5 4. Bf4 Nc6 5. e3 Qb6 6. Qb3 c4 7. Qc2 Bf5 8. Qc1 Rc8 9. Nbd2 Qd8 10. h3 e6 11. Be2 b5 12. b3 Qa5 13. b4 Nxb4 14.
cxb4 Bxb4 15. O-O O-O 16. a4 Bc3 17. Ra3 b4 18. Rxc3 bxc3 19. Nb1 Bxb1 20. Qxb1 Qxa4 21. Rc1 Ne4 22. Ng5 Nxg5 23. Bxg5 Rb8 24. Qa1 Qxa1 25. Rxa1 c2 26. Rf1 Rb1 27. e4 Rxf1+ 28. Kxf1 Rb8 29. exd5 Rb1+ 0-1

[Event "*** Titled Tuesday Blitz"]
[Site "Chess.com"]
[Date "2019.03.05"]
[Round "7"]
[White "BASSU1"]
[Black "Sajkochess"]
[Result "0-1"]
[WhiteElo "2089"]
[BlackElo "2255"]
[TimeControl "180+2"]
[EndTime "14:36:38 PST"]
[Termination "Sajkochess won by resignation"]

1. e4 c6 2. d4 d5 3. Nc3 dxe4 4. Nxe4 Bf5 5. Ng3 Bg6 6. Nf3 Nd7 7. Bc4 e6 8. O-O Ngf6 9. c3 Bd6 10. Ng5 O-O 11.
Bxe6 fxe6 12. Nxe6 Qe7 13. Nxf8 Qxf8 14. Qb3+ Kh8 15. Qxb7 Rc8 16. Be3 Rc7 17. Qa6 h5 18. Ne2 Ng4 19. h3 Nh2 20. Rfe1 Nf3+ 21. gxf3 Qxf3 22.
Qa5 Be4 23. Qxh5+ Qxh5 24. Bf4 0-1

[Event "*** Titled Tuesday Blitz"]
[Site "Chess.com"]
[Date "2019.03.05"]
[Round "7"]
[White "Jospem"]
[Black "Vlad_Lukiianchuk"]
[Result "1-0"]
[WhiteElo "2869"]
[BlackElo "2633"]
[TimeControl "180+2"]
[EndTime "14:36:41 PST"]
[Termination "Jospem won on time"]

1. c4 Nf6 2. g3 d5 3. Bg2 dxc4 4.
Nf3 c6 5. O-O g6 6. Qc2 Be6 7.
Ng5 Qd6 8. Na3 Bg7 9. Nxe6 Qxe6 10. Nxc4 Qxe2 11. Qb3 b6 12. d4 Qe6 13. Bg5 O-O 14.
Rfe1 Qf5 15. Re5 Qd7 16. Ree1 e6 17. Ne5 Qb7 18. Rac1 Nd5 19. Bh3 Rc8 20. Nxf7 Kxf7 21. Bxe6+ Kf8 22. Qf3+ 1-0

[Event "*** Titled Tuesday Blitz"]
[Site "Chess.com"]
[Date "2019.03.05"]
[Round "7"]
[White "FMJoseHerrera"]
[Black "BlackBoarder"]
[Result "1-0"]
[WhiteElo "2523"]
[BlackElo "2538"]
[TimeControl "180+2"]
[EndTime "14:36:42 PST"]
[Termination "FMJoseHerrera won by checkmate"]

1. Nf3 Nf6 2. g3 g6 3. Bg2 Bg7 4. d3 O-O 5. Nc3 d5 6. h4 c5 7. h5 Nxh5 8. Bg5 Nc6 9. Qd2 d4 10. Ne4 b6 11. Bh6 Bh8 12. Rxh5 f5 13. Bxf8 fxe4 14.
Qh6 gxh5 15. Ng5 Bf5 16. Bxe4 Qxf8 17. Bd5+ e6 18. Bxe6+ Bxe6 19. Qxh7# 1-0

[Event "*** Titled Tuesday Blitz"]
[Site "Chess.com"]
[Date "2019.03.05"]
[Round "7"]
[White "albi1999"]
[Black "Marcus_Harvey"]
[Result "0-1"]
[WhiteElo "2434"]
[BlackElo "2598"]
[TimeControl "180+2"]
[EndTime "14:36:43 PST"]
[Termination "Marcus_Harvey won by resignation"]

1. d4 Nf6 2. c4 e6 3. Nf3 Bb4+ 4. Bd2 Qe7 5. g3 O-O 6. Bg2 Bxd2+ 7. Qxd2 d6 8. Nc3 e5 9. O-O Re8 10. e4 Bg4 11.
Ne1 Nc6 12. Nc2 Qd7 13. Rfe1 Bh3 14. Bh1 a5 15. Nd5 Nxd5 16. cxd5 Nxd4 17. Nxd4 exd4 18. Qxd4 c5 19. dxc6 bxc6 20. Rad1 Rab8 21. b3 Re6 22. Rd2 Rb4 23. Qd3 d5 24. Rc1 Qe8 25. a3 dxe4 26.
Qd8 Rxb3 27. Qxa5 Rd3 28. Rb2 e3 29. Qh5 e2 30. Qxh3 Rd1+ 0-1

[Event "*** Titled Tuesday Blitz"]
[Site "Chess.com"]
[Date "2019.03.05"]
[Round "7"]
[White "dopolian"]
[Black "Ar4uha"]
[Result "0-1"]
[WhiteElo "2187"]
[BlackElo "2486"]
[TimeControl "180+2"]
[EndTime "14:36:50 PST"]
[Termination "Ar4uha won by resignation"]

1. e4 e5 2. Nf3 Nc6 3. Bb5 a6 4. Ba4 d6 5. O-O Bd7 6. c3 g5 7. d4 g4 8. Nfd2 h5 9. Bxc6 Bxc6 10. dxe5 dxe5 11. Nc4 Qxd1 12. Rxd1 f6 13. Re1 O-O-O 14. Na5 Bb5 15. Be3 b6 16. Nb3 Bh6 17. Bxh6 Nxh6 18.
N1d2 Nf7 19. Nf1 Ng5 20. Nfd2 h4 21. f3 gxf3 22. Nxf3 Ne6 23. Rad1 Rdg8 24. Rd2 Nf4 25. Kh1 Bc6 26. h3 f5 27. Rg1 Bxe4 28. Nxe5 Nxh3 29. Re1 Nf4 0-1

[Event "*** Titled Tuesday Blitz"]
[Site "Chess.com"]
[Date "2019.03.05"]
[Round "7"]
[White "Walter_White_Poland"]
[Black "Lennis93"]
[Result "0-1"]
[WhiteElo "2193"]
[BlackElo "2239"]
[TimeControl "180+2"]
[EndTime "14:36:51 PST"]
[Termination "Lennis93 won by resignation"]

1. e4 c6 2. d4 d5 3. Nc3 dxe4 4. Nxe4 Nf6 5. Nxf6+ exf6 6. Bc4 Bd6 7. Qe2+ Be7 8. Be3 O-O 9. O-O-O Nd7 10. Nf3 Nb6 11. Bb3 a5 12. a4 Re8 13. Kb1 Bb4 14. d5 Nxd5 15. c4 Bf5+ 16. Ka2 Nf4 17. Rxd8 Nxe2 18.
Rxa8 Rxa8 19. Rd1 g5 20. c5 Re8 21. Bc4 Nf4 22. Bxf4 gxf4 23. Nd4 Bg6 24. Nb3 Re7 25.
f3 Kg7 26. Rd4 Re1 27. Bd3 Bxd3 28. Rxd3 Re2 29. Rd7 Bc3 30. Rxb7 Rxb2+ 31. Ka3 Rxg2 32. Na1 Bxa1 0-1

[Event "*** Titled Tuesday Blitz"]
[Site "Chess.com"]
[Date "2019.03.05"]
[Round "7"]
[White "Keaton87"]
[Black "shrek4life02"]
[Result "1-0"]
[WhiteElo "2546"]
[BlackElo "2399"]
[TimeControl "180+2"]
[EndTime "14:36:54 PST"]
[Termination "Keaton87 won by resignation"]

1. d4 Nf6 2. Nc3 g6 3. e4 d5 4.
e5 Ne4 5. Nxe4 dxe4 6. Bc4 Bg7 7. h4 Nc6 8. c3 h5 9. Nh3 Bg4 10. Qc2 Nxd4 11. cxd4 Qxd4 12. Ng5 O-O-O 13. Be3 Qxe5 14.
Nxf7 Qxb2 15. Qxb2 Bxb2 16. Rb1 Bc3+ 17. Kf1 Rhf8 18.
Nxd8 Rxd8 19. Be2 Be6 20. Rd1 Rf8 21. Rc1 Be5 22. Bxa7 Bxa2 23. Bc4 Bf4 24. Bxa2 Bxc1 25. Ke2 Bf4 26. Be6+ Kd8 27. Bd4 Bh6 28. Ra1 c5 29. Be5 1-0

[Event "*** Titled Tuesday Blitz"]
[Site "Chess.com"]
[Date "2019.03.05"]
[Round "7"]
[White "fyall777"]
[Black "FedaMaster"]
[Result "1-0"]
[WhiteElo "2310"]
[BlackElo "2417"]
[TimeControl "180+2"]
[EndTime "14:36:57 PST"]
[Termination "fyall777 won by checkmate"]

1. d4 Nf6 2. Bg5 Ne4 3. h4 c5 4.
dxc5 Nxc5 5. Nc3 Nc6 6. e4 Qb6 7. Rb1 e6 8. Nf3 h6 9. Be3 Qc7 10. Nb5 Qb8 11. Nc3 b6 12. b4 Nxb4 13. Rxb4 Nd3+ 14.
Bxd3 Bxb4 15. Bd2 O-O 16. Nb5 Bxd2+ 17. Qxd2 d5 18. e5 Bd7 19. Nbd4 Rc8 20. Rh3 Kf8 21. Rg3 Be8 22. Qb4+ Kg8 23. Qe7 Rc7 24.
Qf6 Qd8 25. Qxg7# 1-0

[Event "*** Titled Tuesday Blitz"]
[Site "Chess.com"]
[Date "2019.03.05"]
[Round "7"]
[White "HanSchut"]
[Black "riconaipe"]
[Result "0-1"]
[WhiteElo "2311"]
[BlackElo "2436"]
[TimeControl "180+2"]
[EndTime "14:37:01 PST"]
[Termination "riconaipe won by resignation"]

1. e4 c6 2. d4 d5 3. exd5 cxd5 4. c4 Nf6 5. Nc3 Be6 6. c5 g6 7. Nge2 Bg7 8. Nf4 Qd7 9. Bb5 Nc6 10. O-O O-O 11. Re1 Bf5 12. Be3 Ne4 13. Nfxd5 Rad8 14. Nxe4 Bxe4 15. Nc3 a6 16. Bxc6 Bxc6 17. d5 Bxd5 18. Qc2 Bc6 19. Rad1 Qg4 20. f3 Bxf3 21. Rxd8 Rxd8 22.
Qf2 Bc6 23. Rf1 Qe6 24. Ne2 Bb5 25. Bf4 0-1

[Event "*** Titled Tuesday Blitz"]
[Site "Chess.com"]
[Date "2019.03.05"]
[Round "7"]
[White "GianmarcoVaR"]
[Black "ChessWarrior7197"]
[Result "0-1"]
[WhiteElo "2499"]
[BlackElo "2840"]
[TimeControl "180+2"]
[EndTime "14:37:10 PST"]
[Termination "ChessWarrior7197 won on time"]

1. d4 Nf6 2. Nf3 e6 3. g3 b5 4. Bg2 Bb7 5. O-O Be7 6. a4 b4 7. c3 a5 8. Nbd2 O-O 9. Qc2 d5 10. Nb3 Nbd7 11. Bg5 c5 12. Bxf6 gxf6 13. cxb4 cxb4 14.
Rfc1 Rc8 15. Qd3 Qb6 16. Qb5 Qxb5 17. axb5 Rxc1+ 18. Rxc1 Bd8 19. Nc5 Bc8 20. Nxe6 fxe6 21. Rxc8 Bb6 22. Rc6 a4 23. Rd6 a3 24. bxa3 bxa3 25.
Nd2 a2 26. Nb3 Rc8 27. Rxd7 Rc3 28. Rb7 Rxb3 0-1

[Event "*** Titled Tuesday Blitz"]
[Site "Chess.com"]
[Date "2019.03.05"]
[Round "7"]
[White "Gabrielian_Artur"]
[Black "LawrenceTrent"]
[Result "1-0"]
[WhiteElo "2745"]
[BlackElo "2541"]
[TimeControl "180+2"]
[EndTime "14:37:13 PST"]
[Termination "Gabrielian_Artur won by resignation"]

1. e4 g6 2. d4 Bg7 3. Nc3 d6 4. Nf3 a6 5. Be3 b5 6. Qd2 Bb7 7. Bd3 Nd7 8. O-O c5 9. a4 b4 10. Nd5 e6 11. Bg5 f6 12. Nf4 Qe7 13. Bc4 Nf8 14. dxc5 dxc5 15. Rfe1 fxg5 16. Nd5 Qd8 17. Nxg5 Ne7 18. Qf4 exd5 19. exd5 Bxd5 20. Rad1 Qb8 21. Qf7+ Kd8 22. Qxe7+ Kc8 23. Qxg7 1-0

[Event "*** Titled Tuesday Blitz"]
[Site "Chess.com"]
[Date "2019.03.05"]
[Round "7"]
[White "BillForster"]
[Black "SanchezKelvin"]
[Result "0-1"]
[WhiteElo "1729"]
[BlackElo "2488"]
[TimeControl "180+2"]
[EndTime "14:37:18 PST"]
[Termination "SanchezKelvin won by resignation"]

1. d4 Nf6 2. c4 c5 3. d5 b5 4.
a4 b4 5. g3 g6 6. b3 Bg7 7.
Ra2 O-O 8. Bg2 d6 9. e4 a5 10. f4 Ra7 11. Nh3 Bxh3 12. Bxh3 Nxe4 13. Re2 Nc3 14. Nxc3 bxc3 15. O-O Na6 16. f5 Rb7 17. fxg6 fxg6 18. Be6+ Kh8 19. Kg2 Nc7 20. Bg5 Nxe6 21. Rxe6 Rxf1 22. Kxf1 Qf8+ 23. Kg2 h6 24. Bc1 Qf5 25. Qe2 Rxb3 26. Rxe7 Rb2 27. Bxb2 cxb2 28. Rxg7 b1=Q 29. Qe8+ Kxg7 0-1